 Dungeon Crawl Stone Soup version 0.16-a0-3272-g378764d (webtiles) character file.

12829 LogicNinja the Bludgeoner (level 11, -6/68 HPs)
             Began as a Gargoyle Gladiator on Feb 3, 2015.
             Was a Priest of Wulndraste.
             Mangled by an orc knight
             ... wielding a +0 bardiche
              (15 damage)
             ... on level 2 of the Orcish Mines.
             The game lasted 00:20:45 (12551 turns).

LogicNinja the Bludgeoner (Gargoyle Gladiator)     Turns: 12551, Time: 00:20:45

Health: -6/68      AC: 17    Str: 20    XL:     11   Next: 99%
Magic:  24/24      EV: 13    Int:  8    God:    Wulndraste [***...]
Gold:   630        SH:  0    Dex: 13    Spells: 0 memorised, 10 levels left

rFire  + . .     SeeInvis .     a - +6 whip "Sailailu" {venom, Noisy rPois rC+}
rCold  + . .     Clarity  .     g - +0 ring mail
rNeg   + . .     SustAb   .     (no shield)
rPois  ∞         Gourm    .     c - +0 helmet
rElec  +         Spirit   .     o - +0 cloak
rCorr  .         Warding  .     (no gloves)
rMut   .         Stasis   .     n - +1 pair of boots
MR     .....                    (no amulet)
Stlth  ++++......               E - ring of protection from fire
                                x - ring of stealth

@: not resistant to hostile enchantments, stealthy
A: negative energy resistance 1, electricity resistance, unbreathing,
petrification resistance, rot immunity, AC +7
a: Blend In, Renounce Religion


You were on level 2 of the Orcish Mines.
You worshipped Wulndraste.
Wulndraste was most pleased with you.
You were not hungry.

You visited 3 branches of the dungeon, and saw 14 of its levels.

You collected 825 gold pieces.
You spent 195 gold pieces at shops.

Inventory:

Hand weapons
 a - the +6 whip "Sailailu" (weapon) {venom, Noisy rPois rC+}
   (You bought it in a shop on level 4 of the Dungeon)

   It poisons the flesh of those it strikes.
   It protects you from cold.
   It protects you from poison.
   It may make noises in combat.
 b - a +0 morningstar
 D - a +2 falchion of flaming
Missiles
 d - 4 throwing nets
 h - 14 javelins (quivered)
Armour
 c - a +0 helmet (worn)
 g - a +0 ring mail (worn)
 j - the +1 cloak of Fun {rC+ Stlth--}
   (You found it on level 9 of the Dungeon)

   It protects you from cold.
   It makes you much less stealthy.
 n - a +1 pair of boots (worn)
 o - a +0 cloak (worn)
Jewellery
 l - an uncursed ring of ice
 w - a +3 ring of intelligence
 x - a ring of stealth (left hand)
 y - an uncursed ring of magical power
 E - a ring of protection from fire (right hand)
 J - an uncursed ring of ice
Magical devices
 q - a wand of polymorph (10)
 r - a wand of disintegration (11)
 z - a wand of teleportation (3)
 C - a wand of confusion (0)
Scrolls
 e - 2 scrolls of teleportation
 s - 7 scrolls of identify
 u - 2 scrolls of remove curse
 B - 3 scrolls of enchant weapon
 G - a scroll of magic mapping
Potions
 k - a potion of flight
 m - a potion of agility
 t - 2 potions of restore abilities
 I - a potion of haste
Books
 v - a book of Burglary

   Spells                             Type                      Level
   a - Swiftness                      Charms/Air                   2
   b - Passwall                       Transmutation/Earth          3
   c - Passage of Golubria            Translocation                4
   d - Lee's Rapid Deconstruction     Earth                        5
   e - Invisibility                   Hexes                        6
   f - Darkness                       Hexes                        7
 F - a Grand Grimoire {highlevel}

   This book is beyond your current level of understanding.

   Spells                             Type                      Level
   a - Aura of Abjuration             Summoning                    6
   b - Forceful Dismissal             Summoning                    6
   c - Summon Greater Demon           Summoning                    7
   d - Malign Gateway                 Summoning/Translocation      7
   e - Summon Horrible Things         Summoning                    8
Comestibles
 f - 7 bread rations
 i - 17 fruits
 p - 7 meat rations
 A - 6 slices of pizza
 H - 3 chunks of flesh


   Skills:
 - Level 2.1 Fighting
 * Level 15.7 Maces & Flails
 - Level 2.0 Throwing
 - Level 2.1 Armour
 - Level 4.6 Dodging
 - Level 6.3 Stealth
 + Level 5.9 Invocations


You had 10 spell levels left.
You didn't know any spells.

Dungeon Overview and Level Annotations

Branches:
Dungeon (11/15)            Temple (1/1) D:6            Lair (0/8) D:11
    Orc (2/4) D:11

Altars:
Ashenzari
Cheibriados
Dithmenos
Elyvilon
Fedhas
Gozag
Kikubaaqudgha
Makhleb
Nemelex Xobeh
Okawaru
Qazlal
Ru
Sif Muna
Trog
Vehumet Wulndraste
Xom
Yredelemnul
Zin
The Shining One
Beogh

Shops:
D:4 (   D:10 *   D:11 [(


Innate Abilities, Weirdness & Mutations

You are resistant to torment.
You are immune to poison.
Your stone body is very resilient (AC +7).
You resist negative energy.
You are resistant to electric shocks.
You can survive without breathing.
You are immune to petrification.
You are immune to rotting.


Message History

You struggle to resist.
The orc priest closely misses you.
You hit the orc priest.
You kill the orc priest!
You start resting.
An orc knight is nearby!
You hit the orc knight but do no damage.
Your whip "Sailailu" inquires about your family.
The orc knight hits you with a bardiche!
* * * LOW HITPOINT WARNING * * *
You hit the orc knight but do no damage.
The orc knight is poisoned.
You barely miss the orc knight. You closely miss the orc knight.
The orc knight hits you with a bardiche!
* * * LOW HITPOINT WARNING * * *
Drink which item? (? for menu, Esc to quit)
You feel better.
The orc knight hits you from afar with a bardiche!
You die...

. .# #......)#...... #.. .
#......###..... .... #.
..####....####...# ...###.
....##......##..... #.....
#...............##. #....#
#....###..>....#..
##...)######..######...####
#...[...##......#.#...###..
#...#...#.@.......)....##..
#....
##).#..##......##...#..
....
##..o)#####....###..... #.#
#.......#.......#......
#..$...#...#..#....#......
#....$##.....####....#.#..
##..#.###....# ##..#####.
##.### ##..## ###.# .. ##
#### ### ..


You could see an orc knight.

Vanquished Creatures
  2 hydras
  Fannar (D:10)
  An unseen horror (D:11)
  A hill giant (D:11)
  A manticore (D:11)
  Maurice (Orc:2)
  A troll (D:11)
  A komodo dragon (D:11)
  Grinder (D:5)
  Prince Ribbit (D:9)
  A centaur simulacrum (D:11)
  2 yaks (D:9)
  A wraith (D:10)
  4 hippogriffs
  2 deep elf magi
  2 water moccasins (D:8)
  6 orc warriors
  A black bear (D:8)
  4 sky beasts
  2 yellow wasps
  3 ice beasts
  4 ogres
  3 phantoms
  16 centaurs
  5 big kobolds (D:9)
  6 giant frogs
  5 scorpions
  5 wights (D:9)
  5 killer bees (D:9)
  3 crimson imps
  A centaur zombie (D:6)
  3 centaur skeletons
  An iron imp (D:3)
  11 orc priests
  2 hounds
  A jelly (D:9)
  6 orc wizards
  4 iguanas
  6 worker ants
  2 sheep (D:9)
  2 hound skeletons
  A mummy (D:7)
  A worker ant zombie (D:11)
  10 adders
  4 gnolls
  3 shadow imps
  2 worms (D:2)
  3 adder skeletons
  7 giant geckos
  2 oozes
  76 orcs
  14 bats
  6 giant cockroaches
  15 hobgoblins
  15 jackals
  20 kobolds
  3 quokkas
  3 ball pythons
  A giant gecko skeleton (D:7)
  A giant gecko zombie (D:5)
  4 giant newts
  13 goblins
  A goblin zombie (D:5)
  2 jackal skeletons (D:4)
  2 jackal zombies (D:5)
  15 rats
  2 rat zombies
356 creatures vanquished.

Notes
Turn   | Place    | Note
--------------------------------------------------------------
     0 | D:1      | LogicNinja, the Gargoyle Gladiator, began the quest for the Orb.
     0 | D:1      | Reached XP level 1. HP: 12/12 MP: 1/1
   136 | D:1      | Reached XP level 2. HP: 4/17 MP: 2/2
   589 | D:1      | Reached skill level 1 in Armour
   948 | D:2      | Reached XP level 3. HP: 21/21 MP: 3/3
  1006 | D:2      | Reached skill level 4 in Maces & Flails
  1161 | D:2      | Reached XP level 4. HP: 17/26 MP: 4/4
  1866 | D:2      | Reached skill level 5 in Maces & Flails
  1866 | D:2      | Reached XP level 5. HP: 23/30 MP: 5/5
  2237 | D:3      | Found a burning altar of Makhleb.
  2668 | D:3      | Reached skill level 6 in Maces & Flails
  2668 | D:3      | Reached XP level 6. HP: 12/35 MP: 6/6
  3331 | D:3      | Noticed an ogre
  3344 | D:3      | Killed an ogre
  3612 | D:4      | Reached skill level 7 in Maces & Flails
  3752 | D:4      | Reached XP level 7. HP: 21/40 MP: 7/7
  3815 | D:4      | Found a bloodstained altar of Trog.
  3859 | D:4      | Found a shattered altar of Ashenzari.
  3911 | D:4      | Reached skill level 8 in Maces & Flails
  4028 | D:4      | Found Sakeink's Antique Weapon Shop.
  4036 | D:4      | Bought a shimmering whip for 195 gold pieces
  4036 | D:4      | Identified the +6 whip "Sailailu" {venom, Noisy rPois rC+} (You bought it in a shop on level 4 of the Dungeon)
  4370 | D:4      | Found a basalt altar of Yredelemnul.
  4377 | D:4      | Found a radiant altar of Vehumet.
  4821 | D:5      | Entered Level 5 of the Dungeon
  4899 | D:5      | Reached skill level 9 in Maces & Flails
  4899 | D:5      | Reached XP level 8. HP: 44/44 MP: 8/8
  5019 | D:5      | Noticed Grinder
  5034 | D:5      | Killed Grinder
  5175 | D:5      | Found a white marble altar of Elyvilon.
  5176 | D:5      | Found an iron altar of Okawaru.
  5362 | D:6      | Reached skill level 10 in Maces & Flails
  5606 | D:6      | Found a staircase to the Ecumenical Temple.
  6225 | D:7      | Found a stormy altar of Qazlal.
  6262 | D:7      | Reached skill level 1 in Stealth
  6769 | D:7      | Reached skill level 11 in Maces & Flails
  6769 | D:7      | Reached XP level 9. HP: 33/48 MP: 9/9
  6983 | D:8      | Found a snail-covered altar of Cheibriados.
  7017 | D:8      | Found a glowing silver altar of Zin.
  7018 | D:8      | Found a shimmering altar of Xom.
  7020 | D:8      | Found a deep blue altar of Sif Muna.
  7481 | D:8      | Reached skill level 12 in Maces & Flails
  7522 | D:9      | Noticed Prince Ribbit
  7622 | Temple   | Entered the Ecumenical Temple
  7675 | Temple   | Became a worshipper of Wulndraste the Wayfarer
  7769 | D:8      | Reached skill level 5 in Stealth
  7993 | D:9      | Reached XP level 10. HP: 50/53 MP: 10/10
  8018 | D:9      | Gained mutation: Your muscles are strong. (Str +2) [mutagenic meat]
  8019 | D:9      | Gained mutation: Your mind is acute. (Int +2) [mutagenic meat]
  8340 | D:9      | Killed Prince Ribbit
  8340 | D:9      | Reached skill level 13 in Maces & Flails
  8807 | D:9      | Noticed a three-headed hydra
  8816 | D:9      | Killed a one-headed hydra
  9241 | D:9      | Got a jewelled cloak
  9247 | D:9      | Identified the +1 cloak of Fun {rC+ Stlth--} (You found it on level 9 of the Dungeon)
  9647 | D:9      | Acquired Wulndraste's first power
  9904 | D:10     | Entered Level 10 of the Dungeon
  9910 | D:10     | Reached skill level 14 in Maces & Flails
 10034 | D:10     | Gained mutation: Your spells are a little harder to cast, but a little more powerful. [mutagenic meat]
 10035 | D:10     | Gained mutation: Armour fits poorly on your strangely shaped body. [mutagenic meat]
 10340 | D:10     | Found Mnoifoak's General Store.
 10458 | D:10     | Noticed Fannar
 10497 | D:10     | Killed Fannar
 10497 | D:10     | Reached XP level 11. HP: 50/62 MP: 11/15
 10573 | D:10     | Gained mutation: Scrolls take you a little longer to read. [mutagenic meat]
 10576 | D:10     | Lost mutation: Armour fits poorly on your strangely shaped body. [potion of cure mutation]
 10576 | D:10     | Lost mutation: Your mind is acute. (Int +2) [potion of cure mutation]
 10576 | D:10     | Lost mutation: Scrolls take you a little longer to read. [potion of cure mutation]
 10576 | D:10     | Lost mutation: Your muscles are strong. (Str +2) [potion of cure mutation]
 10576 | D:10     | Lost mutation: Your spells are a little harder to cast, but a little more powerful. [potion of cure mutation]
 11123 | D:11     | Found Pnuak's Armour Shop.
 11125 | D:11     | Found a staircase to the Orcish Mines.
 11132 | D:11     | Found Pooska's Weapon Shop.
 11173 | D:11     | Acquired Wulndraste's second power
 11194 | D:11     | Noticed a five-headed hydra
 11245 | D:11     | Reached skill level 15 in Maces & Flails
 11397 | D:11     | HP: 3/62 [five-headed hydra (6)]
 11400 | D:11     | Killed a five-headed hydra
 11567 | D:11     | Noticed a hill giant
 11588 | D:11     | Killed a hill giant
 11588 | D:11     | Reached skill level 5 in Invocations
 11683 | D:11     | Killed an unseen horror
 11864 | D:11     | Found a staircase to the Lair.
 11930 | Orc:1    | Entered Level 1 of the Orcish Mines
 12052 | Orc:1    | Found a roughly hewn altar of Beogh.
 12412 | Orc:2    | Noticed Maurice
 12425 | Orc:2    | Killed Maurice
 12453 | Orc:2    | Acquired Wulndraste's third power
 12505 | Orc:2    | Noticed an orc knight
 12549 | Orc:2    | HP: 2/68 [orc knight/bardiche (16)]
 12551 | Orc:2    | Mangled by an orc knight

Action                   |  1- 3 |  4- 6 |  7- 9 | 10-12 || total
-------------------------+-------+-------+-------+-------++-------
Melee: Flail             |   127 |   235 |    29 |       ||   391
       Whip              |       |       |   385 |   580 ||   965
       Morningstar       |       |       |       |    86 ||    86
       Falchion          |       |       |       |     6 ||     6
Throw: Javelin           |       |     1 |     7 |       ||     8
Evoke: Wand              |       |       |       |     8 ||     8
  Use: Scroll            |       |     6 |    10 |     5 ||    21
       Potion            |       |     2 |     6 |     9 ||    17
 Stab: Sleeping          |       |       |     2 |     4 ||     6
       Fleeing           |       |       |     1 |       ||     1
       Distracted        |       |       |       |     5 ||     5
       Confused          |       |       |       |     1 ||     1
  Eat: Chunk             |     1 |     9 |    11 |    12 ||    33
       Pizza             |       |       |     2 |       ||     2
       Beef jerky        |       |       |       |     4 ||     4
       Royal jelly       |       |       |       |     1 ||     1
